 Dungeon Crawl Stone Soup version 0.30-a0-1018-g25214051b3 (webtiles) character file.

Game seed: 555924668914964440

18256 puppykicker the Covert (level 12, -38/71 HPs)
             Began as a Vampire Enchanter on Apr 8, 2023.
             Was a Believer of Ru.
             Killed from afar by Frances (42 damage)
             ... with an iron shot
             ... on level 12 of the Dungeon.
             The game lasted 01:09:20 (13727 turns).

puppykicker the Covert (Vampire Enchanter)         Turns: 13727, Time: 01:09:20

Health: -38/71     AC: 12    Str:  5 (7)  XL:     12   Next: 26%
Magic:  0/23       EV: 18    Int: 16 (17) God:    Ru [**....]
Gold:   422        SH:  5    Dex: 14 (16) Spells: 6/22 levels left

rFire   . . .      SeeInvis +    a - +2 dagger (venom)
rCold   + + .      Faith    .    (no shield)
rNeg    + + +      Spirit   .    y - +3 troll leather armour {Snorg}
rPois   ∞          Reflect  +    o - +1 helmet
rElec   .          Rampage  .    (no cloak)
rCorr   .                        r - +0 pair of gloves
Will    +....                    g - +0 pair of boots
Stlth   +++++++                  P - amulet of reflection
HPRegen 0.00/turn                Q - +4 ring of slaying
MPRegen 0.18/turn                O - +5 ring of evasion

@: mighty, brilliant, about to teleport, attractive, on blink cooldown,
bloodless, inhibited regen, hasted, very quick
A: bloodless, fangs 3, see invisible, dopey 1, weak 1, hated by all, vampiric 2,
high MP 1, MP-powered wands
a: Bat Form, Revivify, Renounce Religion


You were on level 12 of the Dungeon.
You worshipped Ru.
Ru was pleased with you.
You visited 2 branches of the dungeon, and saw 13 of its levels.
You also visited: Sewer.

You collected 667 gold pieces.
You spent 245 gold pieces at shops.

Inventory:

Hand Weapons
 a - a +2 dagger of venom (weapon)
 b - a +2 scimitar of flaming
Armour
 g - a +0 pair of boots (worn)
 m - +0 acid dragon scales
 o - a +1 helmet (worn)
 r - a +0 pair of gloves (worn)
 y - a +3 troll leather armour (worn) {Snorg}
Jewellery
 D - a +6 ring of intelligence
 F - a ring of protection from fire
 O - a +5 ring of evasion (right hand)
 P - an amulet of reflection (around neck)
 Q - a +4 ring of slaying (left hand)
 W - a ring of wizardry {Wiz+}
Wands
 L - a wand of roots (7)
 N - a wand of polymorph (8)
 S - a wand of paralysis (3)
Scrolls
 e - 3 scrolls of fear
 f - 2 scrolls of fog
 h - 4 scrolls of poison {!r}
 j - 4 scrolls of amnesia
 p - 4 scrolls of enchant weapon
 q - a scroll of butterflies
 s - 3 scrolls of torment
 t - 3 scrolls of teleportation
 v - 3 scrolls of magic mapping {!r}
 z - 3 scrolls of vulnerability {!r!r}
 A - 3 scrolls of enchant armour
 G - a scroll of immolation {!r}
 H - a scroll of brand weapon
Potions
 c - 2 potions of invisibility
 d - 2 potions of lignification {!q}
 i - a potion of ambrosia {unknown}
 k - a potion of attraction {!q}
 l - 4 potions of curing {unknown}
 n - 4 potions of mutation {!q}
 u - a potion of haste
 w - a potion of flight {unknown}
 C - a potion of cancellation {unknown}
 E - 7 potions of might
 K - 3 potions of resistance {unknown}
 M - a potion of degeneration {!q}


   Skills:
 + Level 6.4 Fighting
 - Level 8.0(9.0) Short Blades
 + Level 5.9(7.6) Long Blades
 - Level 5.0 Armour
 - Level 6.0 Dodging
 + Level 13.0 Stealth
 + Level 5.9 Spellcasting
 - Level 1.0 Conjurations
 - Level 10.0 Hexes
 + Level 7.2 Necromancy
 - Level 3.0 Translocations
 - Level 2.0 Ice Magic
 - Level 2.0 Air Magic
 - Level 1.0 Poison Magic


You had 6 spell levels left.
You knew the following spells:

 Your Spells              Type           Power      Damage    Failure   Level
a - Ensorcelled Hibernat  Hex/Ice        70%        N/A       2%          2
b - Dazzling Flash        Conj/Hex       66%        N/A       7%          3
d - Tukima's Dance        Hex            53%        N/A       1%          3
p - Blink                 Tloc           42%        N/A       10%         2
v - Vampiric Draining     Necr           42%        2d9       3%          3
x - Mephitic Cloud        Conj/Pois/Air  13%        N/A       36%         3

Your spell library contained the following spells:

 Spells                   Type           Power      Damage    Failure   Level
 Slow                     Hex            100%       N/A       1%          1
 Confusing Touch          Hex            53%        N/A       1%          3
 Anguish                  Hex/Necr       24%        N/A       6%          4
 Lesser Beckoning         Tloc           42%        N/A       10%         2
 Magic Dart               Conj           44%        1d5       14%         1
 Poisonous Vapours        Pois/Air       28%        N/A       19%         2
 Gell's Gravitas          Tloc           21%        N/A       19%         3
 Teleport Other           Tloc           21%        N/A       19%         3
 Frozen Ramparts          Ice            32%        1d5       28%         3
 Spider Form              Tmut/Pois      9%         N/A       47%         3
 Manifold Assault         Tloc           21%        N/A       54%         4
 Ice Form                 Ice/Tmut       11%        N/A       82%         4
 Freezing Cloud           Conj/Ice/Air   7%         6-21      97%         5
 Storm Form               Tmut/Air       5%         N/A       100%        7
 Call Imp                 Summ           Unusable   N/A       N/A         2
 Summon Ice Beast         Ice/Summ       Unusable   N/A       N/A         4

Dungeon Overview and Level Annotations

Branches:
Dungeon (12/15)            Temple (1/1) D:4            Lair (0/5) D:8
    Orc (0/2) D:10          Sewer (visited)

Altars:
Ashenzari
Cheibriados
Dithmenos
Gozag
Kikubaaqudgha
Makhleb
Nemelex Xobeh
Okawaru
Qazlal
Ru
Sif Muna
Trog
Uskayaw
Vehumet
Wu Jian
Xom

Shops:
D:7 *   D:10 [

Annotations:
D:4 1 runed translucent door, Crazy Yiuf
D:12 Frances


Innate Abilities, Weirdness & Mutations

You do not regenerate when monsters are visible.
You are frail without blood (-20% HP).
You can heal yourself when you bite living creatures.
You are immune to poison.
You have razor-sharp teeth.
You have supernaturally acute eyesight. (SInv)
You are dopey. (Int -2)
You are weak. (Str -2)
You are hated by all.
You are afflicted with vampirism and can become a bat while bloodless.
You have an increased reservoir of magic. (+10% MP)
You expend magic power (3 MP) to strengthen your wands.


Message History

It was a potion of degeneration.
There was something very wrong with that liquid.
You feel weakened.
You feel dopey.
You feel clumsy. Frances hits you with a +0 short sword.
* * * LOW HITPOINT WARNING * * *
You take 1 damage, and have 26/71 hp.
It was a potion of attraction.
You feel attractive to monsters.
The sun demon stops glowing.
Frances mutters in a terrible tongue.
It was a potion of might.
You feel very mighty all of a sudden.
Frances hits you with a +0 short sword!!
* * * LOW HITPOINT WARNING * * *
You take 22 damage, and have 4/71 hp.
MASSIVE DAMAGE!!
Okay, then.
Unknown command.
Okay, then.
Unknown command.
Casting: Vampiric Draining (dangerous; 3% risk of failure)
Okay, then.
Unknown command.
Unknown command.
Casting: Vampiric Draining (dangerous; 3% risk of failure)
You feel a surge of power!
You blink.
* * * LOW MAGIC WARNING * * *
The sun demon is attracted toward you. Frances is attracted toward you.
The rust devil is attracted toward you.
You now have 0/23 mp.
As you read the scroll of teleportation, it crumbles to dust.
You feel strangely unstable. The sun demon misses you.
Frances whispers indecipherable words.
The iron shot hits you!!!
Ouch! That really hurt!
You die...

..... ###.....(......#
#### #####'######## #..#
#>## ####.#### #.......#
### #....)..###.#
#.......##.#### ##
###.@.....##.###.###.
#.@3......#.##.##.##.
####4#.......#.#.#.#.#.#
+.4§3#.(........#..#..#.
##########)###...#..(#..
#.....#...=#...
####...#.....#.
#.....#.....
##.......#..


You could see Frances (fast, extremely poisoned), a sun demon (summoned) and a
rust devil (summoned).

Levels and vault maps discovered:
D:1:      giann_forest_graveyard, layout_loops_ring
D:2:      layout_basic, hellmonk_ecumenical_altar_heavens_door, feat_on_display,
          uniq_sigmund, uniq_terence
D:3:      layout_loops_corners, vehumet_statue, pf_just_have_faith
D:4:      layout_loops_ring, minmay_temple_entry_nine_rooms,
          uniq_crazy_yiuf_cottage
D:5:      layout_rooms
D:6:      layout_cave_pools, yredelemnul_altar_generic, serial_co_window_serial,
          co_window_paths_a, co_window_corner_a, co_window_paths_b,
          co_window_of_opportunity_a, co_window_paths_a, co_window_cross_3,
          co_window_unsneaky_path_d, co_window_broadway_a, co_window_broadway_a,
          co_window_paths_d, glass_columns_b, glass_columns_b, glass_columns_a,
          gup_sewer_entry_bubbles
D:7:      layout_basic, serial_shops, nicolae_square_shop, uniq_joseph,
          uniq_pikel
D:8:      layout_basic, lair_entry_dummy
D:9:      layout_rooms, okawaru_altar_gauntlet_db, uniq_erica
D:10:     layout_loops_ring, erik_orc_4, serial_shops,
          nicolae_shop_advertising_works [nicolae_subvault_shop_adworks],
          minmay_liquid_box, patterned_corridor, uniq_snorg
D:11:     layout_rooms, uniq_nergalle, uniq_psyche, uniq_gastronok
D:12:     layout_roguey, minmay_increasing_density, uniq_frances
Temple:   dpeg_three_leaves_temple

Notes
Turn   | Place    | Note
-------+----------+-------------------------------------------
     0 | D:1      | puppykicker the Vampire Enchanter began the quest for the
                  | Orb.
     0 | D:1      | Reached XP level 1. HP: 13/13 MP: 3/3
    47 | D:1      | Identified a +0 club
    96 | D:1      | Reached XP level 2. HP: 20/20 MP: 5/5
    99 | D:1      | Learned a level 2 spell: Ensorcelled Hibernation
   153 | D:1      | Reached skill level 2 in Short Blades
   261 | D:1      | Identified a +0 dagger
   266 | D:1      | Identified a +0 dagger
   289 | D:1      | Identified a +0 pair of boots
   428 | D:1      | Identified 2 scrolls of identify
   428 | D:1      | Identified a scroll of fear
   429 | D:1      | Identified a scroll of poison
   494 | D:1      | Reached skill level 1 in Fighting
   497 | D:1      | Reached skill level 5 in Stealth
   513 | D:1      | Gained mutation: You are afflicted with vampirism and can
                  | become a bat while bloodless. [Vampire growth]
   513 | D:1      | Reached XP level 3. HP: 19/26 MP: 6/6
   843 | D:2      | Identified a +0 club
   847 | D:2      | Identified a +0 falchion
   864 | D:2      | Identified a +1 dagger
   956 | D:2      | Identified a +0 club
   996 | D:2      | Identified a +0 whip
   996 | D:2      | Identified a +0 club
  1018 | D:2      | Identified a +0 robe
  1023 | D:2      | Identified a +0 club
  1035 | D:2      | Reached skill level 3 in Short Blades
  1043 | D:2      | Reached XP level 4. HP: 19/32 MP: 7/7
  1077 | D:2      | Learned a level 3 spell: Mephitic Cloud
  1079 | D:2      | Found a faded altar of an unknown god.
  1163 | D:2      | Identified a +0 helmet
  1287 | D:2      | Identified a +0 scythe
  1287 | D:2      | Identified a +0 robe
  1287 | D:2      | Noticed Sigmund
  1313 | D:2      | Killed Sigmund
  1314 | D:2      | Reached skill level 2 in Fighting
  1314 | D:2      | Reached skill level 4 in Short Blades
  1314 | D:2      | Reached skill level 6 in Stealth
  1314 | D:2      | Reached XP level 5. HP: 33/38 MP: 1/8
  1314 | D:2      | Reached XP level 6. HP: 38/44 MP: 1/9
  1413 | D:2      | Identified a +0 short sword
  1414 | D:2      | Identified a scroll of amnesia
  1424 | D:2      | Identified a +0 mace
  1620 | D:2      | Identified a +0 hand axe
  1620 | D:2      | Identified a +0 chain mail
  1620 | D:2      | Noticed Terence
  1623 | D:2      | Killed Terence
  1697 | D:3      | Learned a level 3 spell: Tukima's Dance
  1844 | D:3      | Identified a +0 pair of gloves
  1867 | D:3      | Identified a +0 mace
  1867 | D:3      | Identified a +0 leather armour
  1954 | D:3      | Identified a +0 club
  2193 | D:3      | Identified a +0 leather armour
  2253 | D:3      | Found a radiant altar of Vehumet.
  2418 | D:3      | Identified a +0 club
  2474 | D:3      | Found a stormy altar of Qazlal.
  2615 | D:4      | Identified a +0 dagger
  2622 | D:4      | Identified a +0 short sword
  2707 | D:4      | Identified a +0 robe
  2707 | D:4      | Identified a +0 club
  2722 | D:4      | Reached skill level 5 in Short Blades
  2722 | D:4      | Reached skill level 1 in Air Magic
  3000 | D:4      | Identified a scroll of butterflies
  3160 | D:4      | Reached XP level 7. HP: 51/51 MP: 11/11
  3263 | D:4      | Reached skill level 3 in Spellcasting
  3341 | D:4      | Learned a level 3 spell: Dazzling Flash
  3481 | D:4      | Identified a +0 club
  3484 | D:4      | Reached skill level 5 in Hexes
  3485 | D:4      | Identified a +0 flail
  3490 | D:4      | Identified a +0 short sword
  3636 | D:4      | Found a staircase to the Ecumenical Temple.
  3642 | Temple   | Entered the Ecumenical Temple
  3785 | Temple   | Became a worshipper of Ru the Awakened
  3940 | D:4      | Found a runed translucent door.
  3943 | D:4      | Identified a +4 quarterstaff of chaos
  3943 | D:4      | Identified a +0 cloak
  3943 | D:4      | Noticed Crazy Yiuf
  3971 | D:5      | Entered Level 5 of the Dungeon
  4001 | D:5      | Identified a +0 falchion
  4001 | D:5      | Identified a +0 leather armour
  4091 | D:5      | Reached skill level 3 in Fighting
  4091 | D:5      | Reached skill level 1 in Ice Magic
  4180 | D:5      | Reached skill level 7 in Stealth
  4241 | D:5      | Reached skill level 1 in Poison Magic
  4340 | D:5      | Identified a ring of wizardry
  4412 | D:5      | HP: 10/52 [scorpion (5)]
  4414 | D:5      | Reached skill level 1 in Conjurations
  4414 | D:5      | Reached skill level 2 in Air Magic
  4414 | D:5      | Reached XP level 8. HP: 12/58 MP: 0/13
  4572 | D:5      | Identified a +0 giant club
  4579 | D:5      | Reached skill level 6 in Short Blades
  4582 | D:5      | Identified an amulet of the acrobat
  4694 | D:5      | Identified a +0 giant club
  4698 | D:5      | Reached skill level 6 in Hexes
  4698 | D:5      | Reached skill level 2 in Ice Magic
  4712 | D:5      | Identified a +0 hand axe
  4712 | D:5      | Identified a +1 dagger of flaming
  4712 | D:5      | Identified a +0 robe
  4714 | D:5      | Identified a +0 falchion
  4722 | D:5      | Identified a +0 club
  4722 | D:5      | Identified a +0 scale mail
  4891 | D:5      | Identified a +0 falchion
  4895 | D:5      | Reached skill level 8 in Stealth
  4895 | D:5      | Reached skill level 4 in Spellcasting
  4900 | D:5      | Learned a level 3 spell: Vampiric Draining
  5018 | D:6      | Identified a +0 spear
  5018 | D:6      | Identified a +0 flail
  5018 | D:6      | Identified a +0 club
  5019 | D:6      | Identified a +0 spear
  5020 | D:6      | Identified a +0 club
  5020 | D:6      | Identified a +0 robe
  5020 | D:6      | Identified a +0 club
  5038 | D:6      | Reached skill level 7 in Short Blades
  5159 | D:6      | Reached skill level 1 in Necromancy
  5304 | D:6      | Found a basalt altar of Yredelemnul.
  5366 | D:6      | Found a glowing drain.
  5434 | Sewer    | Entered a sewer
  5549 | Sewer    | Gained mutation: You are hated by all. [Ru sacrifice]
  5549 | Sewer    | Reached * piety under Ru
  5655 | Sewer    | Identified a +0 falchion
  5787 | D:6      | Identified a +0 flail
  5791 | D:6      | Identified a +0 flail
  5791 | D:6      | Identified a +2 dagger of venom
  5791 | D:6      | Identified a +0 robe
  5809 | D:6      | Identified a +0 dagger
  5809 | D:6      | Identified a +0 robe
  5812 | D:6      | Reached skill level 7 in Hexes
  5916 | D:6      | Reached skill level 2 in Necromancy
  5940 | D:6      | Identified a +6 ring of strength
  5950 | D:6      | Identified a +3 short sword
  5992 | D:6      | Identified a +0 club
  5994 | D:6      | Identified a +0 club
  5996 | D:6      | Identified a +0 dagger
  5996 | D:6      | Identified a +0 robe
  6001 | D:6      | Identified a +0 long sword
  6013 | D:6      | Identified a +0 club
  6013 | D:6      | Identified a +0 robe
  6014 | D:6      | Identified a +0 club
  6041 | D:6      | Reached XP level 9. HP: 55/63 MP: 7/15
  6135 | D:6      | Identified a +0 giant club
  6172 | D:6      | Reached skill level 8 in Short Blades
  6172 | D:6      | Reached skill level 9 in Stealth
  6400 | D:6      | Reached skill level 1 in Long Blades
  6400 | D:6      | Reached skill level 3 in Necromancy
  6404 | D:6      | Reached skill level 1 in Armour
  6406 | D:6      | Reached skill level 3 in Dodging
  6412 | D:6      | HP: 8/64 [yak (13)]
  6414 | D:6      | Reached skill level 2 in Long Blades
  6614 | D:6      | You fall into a shaft and drop 3 floors!
  6621 | D:9      | Learned a level 2 spell: Blink
  6653 | D:8      | Identified a +0 battleaxe
  6668 | D:8      | Identified a +0 plate armour
  6745 | D:7      | Identified a +0 whip
  6746 | D:7      | Identified a +0 whip
  6748 | D:7      | Identified a +0 short sword
  6882 | D:7      | Identified a +0 chain mail
  6884 | D:7      | Identified a +0 club
  6884 | D:7      | Identified a +0 flail
  6904 | D:7      | Identified a +3 whip
  6906 | D:7      | Identified a +0 short sword
  6906 | D:7      | Identified a +0 whip
  6915 | D:7      | Identified a +0 whip
  6917 | D:7      | Identified a +0 dagger
  6949 | D:7      | Identified a +2 spear of venom
  6949 | D:7      | Identified a +0 scale mail
  7055 | D:7      | Identified a +0 war axe
  7055 | D:7      | Identified a +0 chain mail
  7059 | D:7      | Reached skill level 2 in Armour
  7059 | D:7      | Reached skill level 4 in Necromancy
  7059 | D:7      | Identified a +0 club
  7059 | D:7      | Identified a +0 leather armour
  7059 | D:7      | Identified a +0 hand axe
  7059 | D:7      | Identified a +0 leather armour
  7069 | D:7      | Reached skill level 4 in Fighting
  7069 | D:7      | Reached skill level 10 in Stealth
  7069 | D:7      | Reached skill level 1 in Translocations
  7746 | D:7      | Reached skill level 4 in Dodging
  7760 | D:7      | Gained mutation: You are weak. (Str -2) [Ru sacrifice]
  7760 | D:7      | Reached ** piety under Ru
  7781 | D:7      | Identified a +0 spectral quarterstaff
  7781 | D:7      | Identified a +0 sling
  7781 | D:7      | Identified a +1 ring mail of cold resistance
  7781 | D:7      | Noticed Joseph
  7784 | D:7      | Killed Joseph
  7785 | D:7      | Reached XP level 10. HP: 72/72 MP: 16/16
  7827 | D:7      | Found Qocriuf's General Store.
  7828 | D:7      | Identified 2 scrolls of vulnerability
  7829 | D:7      | Identified a scroll of enchant armour
  7848 | D:7      | Reached skill level 3 in Long Blades
  7854 | D:7      | Bought a potion of haste for 140 gold pieces
  7854 | D:7      | Bought a scroll of enchant weapon for 105 gold pieces
  7867 | D:7      | Identified a +1 whip of freezing
  7867 | D:7      | Identified a +0 robe
  7867 | D:7      | Noticed Pikel
  7875 | D:7      | Killed Pikel
  7876 | D:7      | Reached skill level 8 in Hexes
  7876 | D:7      | Reached skill level 2 in Translocations
  7885 | D:7      | Identified a +0 whip
  7886 | D:7      | Identified a +0 dagger
  7887 | D:7      | Identified a +0 flail
  7887 | D:7      | Identified a +0 club
  7887 | D:7      | Identified a +0 ring mail
  7888 | D:7      | Identified a +0 club
  8386 | D:8      | Identified a ring of protection from fire
  8502 | D:8      | Found a staircase to the Lair.
  8598 | D:8      | Identified a +0 spear
  8599 | D:8      | Identified a +0 spear
  8599 | D:8      | Identified a +0 spear
  8600 | D:8      | Identified a +0 spear
  8600 | D:8      | Identified a +0 scale mail
  8601 | D:8      | Identified a +0 flail
  8601 | D:8      | Identified a +5 ring of evasion
  8601 | D:8      | Identified a +0 flail
  8695 | D:8      | Identified a +0 dagger
  9116 | D:8      | Identified a +0 helmet
  9256 | D:9      | Identified a +0 flail
  9256 | D:9      | Identified a +0 scale mail
  9256 | D:9      | Identified a +0 dagger
  9256 | D:9      | Identified a +0 ring mail
  9258 | D:9      | Identified a +0 dagger
  9265 | D:9      | Reached skill level 3 in Armour
  9274 | D:9      | Reached skill level 5 in Necromancy
  9337 | D:9      | Identified an amulet of reflection
  9365 | D:9      | Identified a +4 ring of slaying
  9379 | D:9      | Identified a +0 shortbow
  9382 | D:9      | Identified a +0 dagger
  9382 | D:9      | Identified a +0 robe
  9384 | D:9      | Identified a +0 hand axe
  9384 | D:9      | Identified a +0 ring mail
  9384 | D:9      | Identified a +0 trident
  9480 | D:9      | Reached skill level 5 in Dodging
  9491 | D:9      | Reached skill level 11 in Stealth
  9525 | D:9      | HP: 7/58 [yak (16)]
  9529 | D:9      | Identified a +0 whip
  9730 | D:9      | Identified a +0 glaive
  9881 | D:9      | Identified a +1 scimitar of flaming
  9881 | D:9      | Identified a +0 robe
  9881 | D:9      | Noticed Erica
  9945 | D:9      | Identified a +0 quarterstaff
  9949 | D:9      | Killed Erica
  9950 | D:9      | Reached skill level 5 in Fighting
  9950 | D:9      | Reached skill level 4 in Long Blades
 10058 | D:9      | Identified 2 scrolls of blinking
 10129 | D:9      | Found an iron altar of Okawaru.
 10289 | D:10     | Entered Level 10 of the Dungeon
 10296 | D:10     | Identified a +0 rapier of draining
 10350 | D:10     | Identified a +0 dagger
 10350 | D:10     | Identified a +0 leather armour
 10351 | D:10     | Identified a +0 dagger
 10351 | D:10     | Identified a +0 robe
 10352 | D:10     | Identified a +0 short sword
 10352 | D:10     | Identified a +0 club
 10354 | D:10     | Identified a +0 trident
 10354 | D:10     | Identified a +0 leather armour
 10355 | D:10     | Identified a +0 hand axe
 10355 | D:10     | Identified a +0 hand axe
 10355 | D:10     | Identified a +0 leather armour
 10362 | D:10     | Identified a +0 mace
 10362 | D:10     | Identified a +0 plate armour
 10364 | D:10     | Identified a +0 dagger
 10364 | D:10     | Identified a +0 flail
 10364 | D:10     | Identified a +0 ring mail
 10385 | D:10     | Reached XP level 11. HP: 63/63 MP: 10/17
 10399 | D:10     | Identified a +0 mace
 10412 | D:10     | Found a staircase to the Orcish Mines.
 10413 | D:10     | Identified a +0 trident
 10413 | D:10     | Identified a +0 leather armour
 10415 | D:10     | Identified a +0 mace
 10565 | D:10     | Reached skill level 3 in Translocations
 10567 | D:10     | Reached skill level 9 in Hexes
 10674 | D:10     | Gained mutation: You are dopey. (Int -2) [Ru sacrifice]
 10725 | D:10     | Identified 2 scrolls of fog
 10729 | D:10     | Identified a +0 dagger
 10729 | D:10     | Identified a +0 robe
 10731 | D:10     | Identified a +0 club
 10731 | D:10     | Identified a ring of positive energy
 10740 | D:10     | Identified a +0 dagger
 10740 | D:10     | Identified a +0 robe
 11063 | D:10     | Identified a +0 rapier
 11079 | D:10     | Identified a +0 pair of boots
 11567 | D:10     | Noticed Snorg
 11866 | D:10     | Identified a +0 spear
 11898 | D:10     | Identified a +0 robe
 12015 | D:10     | Found Adghig's Antique Armour Shoppe.
 12019 | D:10     | Identified a +0 leather armour
 12057 | D:10     | Killed Snorg
 12057 | D:10     | Identified a +3 troll leather armour {Snorg}
 12058 | D:10     | Reached skill level 4 in Armour
 12058 | D:10     | Reached skill level 6 in Necromancy
 12271 | D:11     | Identified a +2 dagger of chaos
 12271 | D:11     | Identified a +2 robe of positive energy
 12271 | D:11     | Noticed Psyche
 12274 | D:11     | Identified a +0 flail
 12279 | D:11     | Killed Psyche
 12280 | D:11     | Reached skill level 6 in Dodging
 12387 | D:11     | Reached skill level 5 in Spellcasting
 12393 | D:11     | Identified a +1 helmet
 12445 | D:11     | Identified a +0 troll leather armour
 12446 | D:11     | Reached skill level 12 in Stealth
 12478 | D:11     | Reached skill level 5 in Long Blades
 12512 | D:11     | Identified a +0 dagger
 12512 | D:11     | Identified a +0 robe
 12512 | D:11     | Noticed Nergalle
 12646 | D:11     | Identified +0 acid dragon scales
 12727 | D:11     | Identified a +0 club
 12728 | D:11     | Killed Nergalle
 12731 | D:11     | Identified a scroll of immolation
 12852 | D:11     | Reached skill level 10 in Hexes
 12917 | D:11     | Identified an amulet of magic regeneration
 13018 | D:11     | Identified a +0 ring mail
 13058 | D:11     | Identified 3 scrolls of magic mapping
 13142 | D:12     | Reached skill level 6 in Fighting
 13154 | D:12     | Identified a +0 giant club
 13154 | D:12     | Identified a +0 giant club
 13154 | D:12     | Noticed a two-headed ogre
 13159 | D:12     | Killed a two-headed ogre
 13168 | D:12     | Identified a scroll of brand weapon
 13188 | D:12     | Identified a +0 dagger of venom
 13202 | D:12     | Reached XP level 12. HP: 47/70 MP: 18/20
 13210 | D:12     | HP: 15/70 [slime creature (16)]
 13211 | D:12     | HP: 7/70 [slime creature (8)]
 13351 | D:12     | Identified a +0 shortbow
 13372 | D:12     | Identified 3 scrolls of torment
 13404 | D:12     | Identified a +6 ring of intelligence
 13408 | D:12     | Identified a +0 dagger
 13408 | D:12     | Identified a +0 robe
 13409 | D:12     | Identified a +0 giant spiked club
 13409 | D:12     | Identified a +0 giant club
 13409 | D:12     | Noticed a two-headed ogre
 13414 | D:12     | Killed a two-headed ogre
 13415 | D:12     | Reached skill level 7 in Necromancy
 13416 | D:12     | Identified a +0 chain mail
 13421 | D:12     | Noticed a boulder beetle
 13439 | D:12     | Killed a boulder beetle
 13545 | D:12     | Identified 4 scrolls of teleportation
 13560 | D:12     | Identified a +0 short sword
 13562 | D:12     | Reached skill level 5 in Armour
 13588 | D:12     | Reached skill level 13 in Stealth
 13647 | D:12     | Identified a +0 trident
 13668 | D:12     | Identified a +0 short sword
 13668 | D:12     | Identified a +7 chain mail of ponderousness
 13668 | D:12     | Noticed Frances
 13690 | D:12     | Identified 5 potions of mutation
 13690 | D:12     | Gained mutation: You expend magic power (3 MP) to
                  | strengthen your wands. [potion of mutation]
 13690 | D:12     | Gained mutation: You have an increased reservoir of magic.
                  | (+10% MP) [potion of mutation]
 13692 | D:12     | Identified 3 potions of lignification
 13693 | D:12     | Identified 2 potions of heal wounds
 13721 | D:12     | Identified a potion of berserk rage
 13722 | D:12     | Identified a potion of brilliance
 13723 | D:12     | Identified 2 potions of degeneration
 13724 | D:12     | Identified 2 potions of attraction
 13725 | D:12     | Identified 8 potions of might
 13725 | D:12     | HP: 4/71 [Frances/+0 short sword (22)]
 13727 | D:12     | Killed from afar by Frances

Table legend: (Time is in decaauts)
 A = Elapsed time spent in this place.
 B = Non-inter-level travel time spent in this place.
 C = Inter-level travel time spent in this place.
 D = Time resting spent in this place.
 E = Time spent auto-exploring this place.
 F = Levels seen in this place.
 G = Mean time per level.
                   A        B        C        D        E       F      G
               +--------+--------+--------+--------+--------+-----+--------+
         Total |  13503 |  13111 |    392 |   3651 |   6104 |  14 |  964.5 |
       Dungeon |  13022 |  12636 |    386 |   3575 |   6014 |  12 | 1085.2 |
        Temple |    148 |    143 |      5 |     30 |     55 |   1 |  148.0 |
         Sewer |    331 |    331 |      0 |     46 |     35 |   1 |  331.0 |
               +--------+--------+--------+--------+--------+-----+--------+

Top non-repeatable levels by time:
     D:6: 1668 daAuts
    D:10: 1410 daAuts
     D:9: 1386 daAuts
     D:8: 1197 daAuts
     D:4: 1192 daAuts
     D:7: 1096 daAuts
     D:5: 1082 daAuts
     D:3: 906 daAuts
    D:11: 903 daAuts
     D:2: 843 daAuts
     D:1: 823 daAuts
    D:12: 512 daAuts
   Sewer: 331 daAuts
  Temple: 148 daAuts

Table legend:
 A = Kills in this place as a percentage of kills in the entire game.
 B = Kills by you in this place as a percentage of kills by you in the entire game.
 C = Kills by friends in this place as a percentage of kills by friends in the entire game.
 D = Other kills in this place as a percentage of other kills in the entire game.
 E = Experience gained in this place as a percentage of experience gained in the entire game.
 F = Experience gained in this place divided by the number of levels of this place that you have seen.
                   A       B       C       D       E      F
               +-------+-------+-------+-------+-------+----------------------
         Total | 100.0 | 100.0 |   N/A | 100.0 | 100.0 | 1862.9
       Dungeon |  91.7 |  91.7 |   N/A | 100.0 |  99.5 | 2163.6
         Sewer |   8.3 |   8.3 |   N/A |   0.0 |   0.5 | 118.0
               +-------+-------+-------+-------+-------+----------------------

Skill      XL: |  1  2  3  4  5  6  7  8  9 10 11 12 |
---------------+-------------------------------------+-----
Short Blades   | 2 3 4 5 7 8 |  8.0
Fighting       | 1 2 3 4 5 6 |  6.4
Stealth        | 5 6 7 8 10 11 12 13 | 13.0
Air Magic      | 1 2 |  2.0
Spellcasting   | 3 4 5 |  5.9
Hexes          | 5 7 8 10 | 10.0
Ice Magic      | 1 2 |  2.0
Poison Magic   | 1 |  1.0
Conjurations   | 1 |  1.0
Necromancy     | 2 4 5 6 7 |  7.2
Long Blades    | 2 4 5 |  5.9
Armour         | 2 3 4 5 |  5.0
Dodging        | 4 5 6 |  6.0
Translocations | 1 2 3 |  3.0

Action                     |  1- 3 |  4- 6 |  7- 9 | 10-12 || total
---------------------------+-------+-------+-------+-------++-------
  Melee: Dagger            |   134 |   127 |   343 |   280 ||   884
         Bite              |    11 |    12 |    43 |    38 ||   104
         Punch             |     1 |     5 |     8 |     7 ||    21
         Falchion          |       |    13 |       |       ||    13
   Cast: Ensorcelled Hiber |     7 |    18 |    76 |   125 ||   226
         Dazzling Flash    |       |       |    14 |    18 ||    32
         Mephitic Cloud    |       |       |     4 |     5 ||     9
         Vampiric Draining |       |       |       |     8 ||     8
         Blink             |       |       |       |     1 ||     1
 Invoke: Sacrifice Love    |       |       |     1 |       ||     1
         Sacrifice Purity  |       |       |     1 |     1 ||     2
Ability: Exsanguinate      |       |       |       |     1 ||     1
  Evoke: Wand              |       |       |    10 |    12 ||    22
    Use: Scroll            |     2 |     2 |       |    13 ||    17
         Potion            |       |       |       |    11 ||    11
   Stab: Sleeping          |    10 |    24 |    65 |    73 ||   172
         Invisible         |       |       |     8 |     3 ||    11
         Paralysed         |       |       |     1 |       ||     1
         Confused          |       |       |     8 |     3 ||    11
         Distracted        |       |       |     1 |     3 ||     4
 Armour: Robe              |    24 |    19 |    73 |    17 ||   133
         Troll leather arm |       |       |       |    16 ||    16
  Dodge: Dodged            |    69 |    48 |   179 |   219 ||   515
  Block: Other             |       |       |       |    36 ||    36
         Reflection        |       |       |       |     3 ||     3

Vanquished Creatures
  Snorg (D:10)
  A boulder beetle (D:12)
  Erica (D:9)
  2 two-headed ogres (D:12)
  Nergalle (D:11)
  Pikel (D:7)
  A deep elf pyromancer (D:12)
  3 cyclopes
  A manticore (D:12)
  Joseph (D:7)
  2 unseen horrors
  Psyche (D:11)
  2 trolls
  A hornet (D:11)
  6 slime creatures (D:12)
  Sigmund (D:2)
  A shadow (D:10)
  2 wraiths
  3 wyverns
  30 yaks
  A vampire (D:9)
  2 steam dragons
  A warg (D:9)
  An acid dragon (D:11)
  3 water moccasins (D:7)
  A sky beast (D:8)
  2 orc warriors
  3 ice beasts
  A black bear (D:4)
  3 ogres
  2 centaurs
  2 lemures (D:7)
  2 bullfrogs
  3 kobold brigands
  3 scorpions
  2 gnoll sergeants
  12 howler monkeys
  A gnoll bouda (D:6)
  7 orc priests
  2 hounds (D:5)
  5 jellies
  2 sleepcaps
  Terence (D:2)
  4 iguanas
  10 orc wizards
  A statue (D:3)
  14 gnolls
  10 adders
  A white imp (D:5)
  An ufetubus (D:5)
  3 worms
  3 dart slugs
  27 orcs
  4 bats
  18 endoplasms
  10 giant cockroaches
  12 goblins
  4 hobgoblins
  6 jackals
  12 kobolds
  5 quokkas
  15 ball pythons
  8 frilled lizards
  12 rats
304 creatures vanquished.

Vanquished Creatures (others)
  An orc (D:10)
  2 fungi (D:4)
3 creatures vanquished.

Grand Total: 307 creatures vanquished
